 Dungeon Crawl Stone Soup version 0.29-a0-275-g389c0b56f3 (webtiles) character file.

Game seed: 13107695926919627787

45 PaleWalker the Conjurer (level 3, 0/26 HPs)
             Began as a Demigod Conjurer on Mar 11, 2022.
             Succumbed to an adder's poison
             ... on level 2 of the Dungeon.
             The game lasted 00:03:23 (1517 turns).

PaleWalker the Conjurer (Demigod Conjurer)          Turns: 1517, Time: 00:03:23

Health: 0/26       AC:  2    Str:  8    XL:     3   Next: 25%
Magic:  1/9        EV: 12    Int: 24    God:
Gold:   49         SH:  0    Dex: 12    Spells: 3/6 levels left

rFire   . . .      SeeInvis .   (no weapon)
rCold   + . .      Faith    .   (no shield)
rNeg    . . .      Spirit   .   a - +0 robe
rPois   .          Reflect  .   (no helmet)
rElec   .          Harm     .   (no cloak)
rCorr   .          Rampage  .   (no gloves)
Will    .....                   (no boots)
Stlth   ++........              (no amulet)
HPRegen 0.08/turn               c - ring of protection from cold
MPRegen 0.11/turn               (no ring)

@: lethally poisoned (0 -> -3)
A: high MP 1, forlorn, divine attributes
a: no special abilities


You were on level 2 of the Dungeon.
You visited 1 branch of the dungeon, and saw 3 of its levels.

You collected 49 gold pieces.

Inventory:

Armour
 a - a +0 robe (worn)
Jewellery
 c - a ring of protection from cold (left hand)
Scrolls
 d - 3 scrolls of magic mapping {unknown}
 e - a scroll of teleportation {unknown}
 f - 3 scrolls of identify {unknown}
 h - a scroll of fear {unknown}
 i - a scroll of enchant weapon {unknown}
Potions
 b - a potion of magic
 g - 4 potions of curing {unknown}


   Skills:
 - Level 1.7 Dodging
 - Level 1.7 Stealth
 + Level 2.3 Spellcasting
 * Level 4.4 Conjurations


You had 3 spell levels left.
You knew the following spells:

 Your Spells              Type           Power      Damage    Failure   Level
a - Magic Dart            Conj           96%        1d7       1%          1
b - Searing Ray           Conj           48%        2d6       2%          2

Your spell library contained the following spells:

 Spells                   Type           Power      Damage    Failure   Level
 Dazzling Flash           Conj/Hex       26%        N/A       14%         3
 Sublimation of Blood     Necr           2%         N/A       17%         2
 Fulminant Prism          Conj/Hex       6%         3d7       43%         4
 Iskenderun's Mystic Bla  Conj/Tloc      13%        2d5       43%         4
 Petrify                  Tmut/Erth      2%         N/A       75%         4
 Irradiate                Conj/Tmut      6%         3d15      78%         5


Dungeon Overview and Level Annotations

Branches:
Dungeon (3/15)

Shops:
D:2 *


Innate Abilities, Weirdness & Mutations

You have an increased reservoir of magic. (+10% MP)
You shall have no god before yourself.
Your divine heritage dramatically boosts your attributes as you level up.


Message History

Without enough magic to sustain it, your searing ray dissipates.
The adder misses you.
The orc wizard mumbles some strange words.
The orc wizard flickers and vanishes!
Deactivating autopickup; reactivate with Ctrl-A.
A hobgoblin comes into view.
Casting: Searing Ray (safe; 2% risk of failure)
Confirm with . or Enter, or press ? or * to list all spells.
You don't have enough magic to cast this spell.
Something hits you. The adder attacks as you move away! The adder bites you.
You hear some strange, mumbled words.
Something tries to affect you, but you resist.
There is a stone staircase leading up here.
The adder bites you. x2
You hear some strange, mumbled words.
A puff of flame appears from out of thin air!
The puff of flame hits you!
You climb upwards.
Reactivating autopickup.
There is a stone staircase leading down here.
You are too injured to fight recklessly!
Aiming: Magic Dart (safe; 1% risk of failure)
Press: ? - help, Q - select action, (/) - cycle Shift-Dir - straight line, f - adder
Aim: an adder (100% to hit)
The magic dart hits the adder.
The adder is moderately wounded.
The adder misses you. The adder bites you.
* * * LOW HITPOINT WARNING * * *
You are lethally poisoned!
The adder poisons you!
* * * LOW HITPOINT WARNING * * *
You feel sick. The adder bites you.
* * * LOW HITPOINT WARNING * * *
The adder attacks as you move away! The adder closely misses you.
* * * LOW HITPOINT WARNING * * *
You feel sick. The adder attacks as you move away! The adder barely misses you.
You die...

#...........)###.#.#........8....
###....<.....#...##.#............
#..............###.#.....8.....
#...><.....#...# ##.#..........
##........##..># ##.#....8....
#..........#...######.#...#..#.
#..._.........S......#.######..
#..........#...######.#...#..#.
#..........#..@# ##.#.........
#..........###.# ##.#..........
##........##...###.#...........
###......#...#.##.#............
##.....##...#...#.#..)....#.##..
##.......#.##..)..#.......#.#.##.
#.......†..##.[..#........######'
#..............##########........
#..........##### #..######


You could see an adder.

Vanquished Creatures
  An adder (D:2)
  A dart slug (D:1)
  4 orcs
  3 endoplasms
  A giant cockroach (D:1)
  3 goblins (D:2)
  3 hobgoblins
  4 ball pythons
  3 bats
  2 frilled lizards (D:1)
  3 kobolds
  2 rats
30 creatures vanquished.

Notes
Turn   | Place    | Note
-------+----------+-------------------------------------------
     0 | D:1      | PaleWalker the Demigod Conjurer began the quest for the
                  | Orb.
     0 | D:1      | Reached XP level 1. HP: 14/14 MP: 5/5
   743 | D:1      | Reached skill level 4 in Conjurations
   743 | D:1      | Reached XP level 2. HP: 20/20 MP: 2/7
  1084 | D:2      | Learned a level 2 spell: Searing Ray
  1169 | D:2      | Found Munem's General Store.
  1262 | D:2      | Reached XP level 3. HP: 26/26 MP: 3/9
  1516 | D:2      | HP: 1/26 [poisoned by an adder]
  1517 | D:2      | Succumbed to an adder's poison

Illustrated notes

Levels and vault maps discovered:
D:1:      nzn_arrival_settlement, layout_basic,
          dreamdust_ecumenical_altar_statues, minmay_misc_feat_chi
D:2:      wad_pebble_path, layout_rooms, basic_altar, serial_shops, shop,
          minmay_statues_item
D:3:      layout_rooms, nicolae_sif_muna_condensation, minmay_diced_spiral

Skill      XL: |  1 |
---------------+----+-----
Spellcasting   | 2 |  2.3
Conjurations   | 4 |  4.4
Dodging        | |  1.7
Stealth        | |  1.7

Action                   || total
-------------------------++-------
 Cast: Magic Dart        ||    56
       Searing Ray       ||     1
Dodge: Dodged            ||     5

Table legend: (Time is in decaauts)
 A = Elapsed time spent in this place.
 B = Non-inter-level travel time spent in this place.
 C = Inter-level travel time spent in this place.
 D = Time resting spent in this place.
 E = Time spent auto-exploring this place.
 F = Levels seen in this place.
 G = Mean time per level.
                   A        B        C        D        E       F      G
               +--------+--------+--------+--------+--------+-----+--------+
         Total |   1516 |   1464 |     52 |      0 |   1320 |   3 |  505.3 |
       Dungeon |   1516 |   1464 |     52 |      0 |   1320 |   3 |  505.3 |
               +--------+--------+--------+--------+--------+-----+--------+

Top non-repeatable levels by time:
     D:1: 802 daAuts
     D:2: 672 daAuts
     D:3: 41 daAuts
